 Dungeon Crawl Stone Soup version 0.27-a0-1119-gbf574a6a6b (webtiles) character file.

Game seed: 3088515909894577163

164 spiderkeys the Chopper (level 5, -3/47 HPs)
             Began as a Hill Orc Monk on May 3, 2021.
             Was a Believer of Beogh.
             Slain by a gnoll
             ... wielding a +0 spear
              (11 damage)
             ... on level 4 of the Dungeon.
             The game lasted 00:03:16 (2971 turns).

spiderkeys the Chopper (Hill Orc Monk)              Turns: 2971, Time: 00:03:17

Health: -3/47      AC:  3    Str: 21    XL:     5   Next: 45%
Magic:  2/5        EV: 13    Int: 10    God:    Beogh [**....]
Gold:   119        SH:  0    Dex: 19    Spells: 4/4 levels left

rFire    . . .     SeeInvis .   a - +1 hand axe
rCold    . . .     Faith    .   (no shield)
rNeg     . . .     Spirit   .   b - +0 robe
rPois    .         Reflect  .   i - +0 helmet
rElec    .         Harm     .   (no cloak)
rCorr    .         Rampage  .   (no gloves)
Will     .....                  (no boots)
Stlth    ++........             (no amulet)
HPRegen  0.15/turn              S - +6 ring of strength
MPRegen  0.09/turn              D - +6 ring of dexterity

@: studying 2 skills
A: no striking features
a: Renounce Religion, Smiting


You were on level 4 of the Dungeon.
You worshipped Beogh.
Beogh was pleased with you.
You visited 1 branch of the dungeon, and saw 4 of its levels.

You collected 119 gold pieces.


   Skills:
 + Level 4.7 Fighting
 * Level 6.3 Axes
 + Level 2.5 Armour
 - Level 2.4 Dodging
 - Level 1.5 Stealth


You had 4 spell levels left.
You didn't know any spells.
Your spell library contained the following spells:

 Spells                   Type           Power      Damage    Failure   Level
 Magic Dart               Conj           0%         1d3       36%         1
 Blink                    Tloc           N/A        N/A       50%         2
 Call Imp                 Summ           0%         N/A       50%         2
 Slow                     Hex            0%         N/A       50%         2
 Conjure Flame            Conj/Fire      0%         6-21      75%         3
 Mephitic Cloud           Conj/Pois/Air  0%         N/A       75%         3

Inventory:

Hand Weapons
 a - a +1 hand axe (weapon)
Missiles
 d - 19 stones (quivered)
 f - 56 sling bullets
 g - 21 poisoned darts
 h - 60 arrows
Armour
 b - a +0 robe (worn)
 i - a +0 helmet (worn)
   (You found it on level 2 of the Dungeon)
Jewellery
 D - a +6 ring of dexterity (right hand)
   (You found it on level 1 of the Dungeon)
 S - a +6 ring of strength (left hand)
   (You found it on level 1 of the Dungeon)
Scrolls
 k - a scroll of identify {unknown}
 l - a scroll of fear {unknown}
Potions
 c - 4 potions of might {unknown}
 e - a potion of invisibility {unknown}
 j - a potion of haste {unknown}

Dungeon Overview and Level Annotations

Branches:
Dungeon (3/15)

Altars:
Qazlal

Shops:
D:2

:
###..##..#.#......#.
#..#..............
##........#....##..
##...g...###
#.........#
#.g....#..#
#)g#####.## #.g## #
#..@# ##..# ####


You could see 3 gnolls.


Message History

You barely miss the hound. The hound bites you but does no damage.
You slash the hound! The hound barely misses you. The hound misses you.
You barely miss the hound. The hound bites you.
You closely miss the hound. The hound bites you. x2
You are too injured to fight recklessly! 😮 HP[-7]
You take 7 damage, and now have 32/47 hp.
You are too injured to fight recklessly!
You are too injured to fight recklessly!
You are too injured to fight recklessly!
Unknown command.
You are too injured to fight recklessly!
You are too injured to fight recklessly!
You are too injured to fight recklessly!
You slash the hound! The hound bites you. 😮 HP[-4]
You take 4 damage, and now have 28/47 hp.
You closely miss the hound. The hound barely misses you.
The hound closely misses you.
You hit the hound. The hound barely misses you.
You completely miss the hound. The hound barely misses you.
The hound completely misses you.
You closely miss the hound. The hound barely misses you. 😮 HP[+1]
You closely miss the hound. The hound bites you.
The hound barely misses you. 😮 HP[-1]
You take 1 damage, and now have 28/47 hp.
You hit the hound.
You kill the hound!
Beogh accepts your kill.
You see here a hound corpse.
Key pressed, stopping explore.
Key pressed, stopping explore.
A gnoll comes into view. It is wielding a +0 club.
The gnoll shouts! 😎 HP[+19]
Your hp is fully restored (47).
A gnoll is nearby!
A gnoll comes into view.
It is wielding a +0 whip. 2 gnolls come into view.
The gnoll shouts!
You barely miss the gnoll. The gnoll closely misses you.
The gnoll hits you with a +0 club! 😕 HP[-7]
You take 7 damage, and now have 40/47 hp. 😕 HP[+1]
You see here a hound corpse. 😕 HP[+1] 😕 HP[+1] 😕 HP[+1]
You see here a scroll labelled PIFOAF KUVU. 😕 HP[+1]
l - a scroll labelled PIFOAF KUVU A jackal comes into view. 😕 HP[+1]
A jackal comes into view.
The jackal closely misses you. The jackal closely misses you.
The jackal barely misses you. 😎 HP[+1]
Your hp is fully restored (47).
The jackal barely misses you. The jackal closely misses you.
The jackal closely misses you.
Okay, then.
You slash the jackal!
You kill the jackal!
Beogh accepts your kill.
Aiming: Smiting
Press: ? - help, Dir - move target, f - gnoll Smite: a gnoll, wielding a +0 halberd You smite the gnoll! 😎 MP[-3]
You lost 3 mp, and now have 2/5 mp.
The gnoll hits you with a +0 halberd!
The gnoll hits you from afar with a +0 spear.
You see here a jackal corpse. 😮 HP[-14]
You take 14 damage, and now have 33/47 hp.
MASSIVE DAMAGE!! (PAUSE)
You hit the gnoll. The gnoll hits you with a +0 halberd!
The gnoll closely misses you. 😮 HP[-9]
You take 9 damage, and now have 24/47 hp.
You closely miss the gnoll. The gnoll closely misses you.
You slash the gnoll!
You kill the gnoll!
Beogh accepts your kill.
The gnoll hits you from afar with a +0 spear!
* * * LOW HITPOINT WARNING * * *
😨 HP[-8]
You take 8 damage, and now have 16/47 hp.
Okay, then.
Okay, then.
You barely miss the gnoll. The gnoll closely misses you. 😨 HP[+1]
You hit the gnoll. The gnoll hits you with a +0 whip!
* * * LOW HITPOINT WARNING * * *
The gnoll hits you from afar with a +0 spear!
You die...

Skill      XL: |  1  2  3  4 |
---------------+-------------+-----
Armour         | 1 2 |  2.5
Fighting       | 4 |  4.7
Axes           | 5 6 |  6.3
Dodging        | |  2.4
Stealth        | |  1.5

Action                   |  1- 3 |  4- 6 || total
-------------------------+-------+-------++-------
Melee: Hand axe          |   114 |    47 ||   161
Invok: Convert to Beogh  |       |     1 ||     1
       Smiting           |       |     1 ||     1
  Use: Scroll            |     4 |       ||     4
 Stab: Sleeping          |     4 |       ||     4
       Distracted        |     1 |       ||     1
Armor: Robe              |    17 |     4 ||    21
Dodge: Dodged            |    63 |    33 ||    96

Levels and vault maps discovered:
D:1:      wander_arrival_estate, layout_loops_ring,
          chequers_ecumenical_altar_simple_redux
D:2:      layout_loops_ring, serial_shops, nicolae_shop_trees
D:3:      layout_basic, nicolae_overflow_crystal_walls
D:4:      layout_cave_pools

Notes
Turn   | Place    | Note
-------+----------+-------------------------------------------
     0 | D:1      | spiderkeys the Hill Orc Monk began the quest for the Orb.
     0 | D:1      | Reached XP level 1. HP: 19/19 MP: 1/1
     0 | D:1      | magus.rc [v1.9.10]
   352 | D:1      | Found a faded altar of an unknown god.
   388 | D:1      | Reached XP level 2. HP: 18/27 MP: 2/2
   727 | D:1      | Reached skill level 1 in Armour
   754 | D:1      | You pick up a book of Minor Magic and begin reading...
   754 | D:1      | You add the spells Magic Dart, Blink, Call Imp, Slow,
                  | Conjure Flame and Mephitic Cloud to your library.
  1199 | D:2      | Reached skill level 4 in Fighting
  1256 | D:2      | Reached XP level 3. HP: 33/33 MP: 3/3
  1373 | D:2      | Found Sitischim's Book Shoppe.
  1490 | D:2      | Reached skill level 5 in Axes
  2103 | D:3      | Reached XP level 4. HP: 14/40 MP: 4/4
  2339 | D:3      | Found a stormy altar of Qazlal.
  2462 | D:3      | Became a worshipper of Beogh the Brigand
  2462 | D:3      | Reached * piety under Beogh
  2462 | D:3      | Reached ** piety under Beogh
  2523 | D:3      | You fall into a shaft and drop 1 floor!
  2576 | D:4      | Reached skill level 6 in Axes
  2576 | D:4      | Reached skill level 2 in Armour
  2576 | D:4      | Reached XP level 5. HP: 21/47 MP: 5/5
  2669 | D:4      | Noticed a kobold brigand
  2971 | D:4      | HP: 8/47 [gnoll/+0 whip (9)]
  2971 | D:4      | Slain by a gnoll

Vanquished Creatures
  A water moccasin skeleton (D:4)
  A hound (D:4)
  A gnoll (D:4)
  2 adders
  2 dart slugs (D:2)
  An orc (D:4)
  4 ball pythons
  2 bats (D:2)
  3 endoplasms
  A giant cockroach (D:1)
  5 goblins
  5 hobgoblins
  7 jackals
  3 kobolds
  2 quokkas
  2 frilled lizards (D:1)
  3 rats
45 creatures vanquished.

Vanquished Creatures (collateral kills)
  A rat (D:1)
1 creature vanquished.

Grand Total: 46 creatures vanquished

Table legend:
 A = Non-vault XP
 B = Vault XP
 C = Vault XP percentage of total XP
 D = Non-vault monster count
 E = Vault monster count
 F = Vault count percentage of total count
                 A         B        C        D         E       F
            +---------+---------+-------+---------+---------+-------
      Total |     235 |       0 |   0.0 |      46 |       0 |   0.0
            +---------+---------+-------+---------+---------+-------
        D:1 |      27 |       0 |   0.0 |      16 |       0 |   0.0
        D:2 |      51 |       0 |   0.0 |      20 |       0 |   0.0
        D:3 |       7 |       0 |   0.0 |       4 |       0 |   0.0
        D:4 |     150 |       0 |   0.0 |       6 |       0 |   0.0
            +---------+---------+-------+---------+---------+-------

Illustrated notes

Table legend:
 A = Kills in this place as a percentage of kills in entire the game.
 B = Kills by you in this place as a percentage of kills by you in the entire game.
 C = Kills by friends in this place as a percentage of kills by friends in the entire game.
 D = Other kills in this place as a percentage of other kills in the entire game.
 E = Experience gained in this place as a percentage of experience gained in the entire game.
 F = Experience gained in this place divided by the number of levels of this place that you have seen.
                   A       B       C       D       E      F
               +-------+-------+-------+-------+-------+----------------------
         Total | 100.0 | 100.0 | 100.0 |   N/A | 100.0 |  58.8
       Dungeon | 100.0 | 100.0 | 100.0 |   N/A | 100.0 |  58.8
               +-------+-------+-------+-------+-------+----------------------

Table legend: (Time is in decaauts)
 A = Elapsed time spent in this place.
 B = Non-inter-level travel time spent in this place.
 C = Inter-level travel time spent in this place.
 D = Time resting spent in this place.
 E = Time spent auto-exploring this place.
 F = Levels seen in this place.
 G = Mean time per level.
                   A        B        C        D        E       F      G
               +--------+--------+--------+--------+--------+-----+--------+
         Total |   2977 |   2947 |     30 |    349 |   2184 |   4 |  744.2 |
       Dungeon |   2977 |   2947 |     30 |    349 |   2184 |   4 |  744.2 |
               +--------+--------+--------+--------+--------+-----+--------+

Top non-repeatable levels by time:
     D:1: 1183 daAuts
     D:2: 859 daAuts
     D:3: 486 daAuts
     D:4: 448 daAuts
